 Dungeon Crawl Stone Soup version 0.19.0-2-gae57169 (webtiles) character file.

38454 lorenzova the Eclecticist (level 13, -6/63 HPs)
             Began as a Deep Elf Conjurer on Nov 5, 2016.
             Was a High Priest of Vehumet.
             Killed from afar by a rime drake (22 damage)
             ... with a flash freeze
             ... on level 6 of the Lair of Beasts on Nov 6, 2016.
             The game lasted 00:58:34 (19749 turns).

lorenzova the Eclecticist (Deep Elf Conjurer)      Turns: 19749, Time: 00:58:35

Health: -6/63      AC: 13    Str:  5    XL:     13   Next: 63%
Magic:  6/51       EV: 14    Int: 26    God:    Vehumet [*****.]
Gold:   1267       SH:  5    Dex: 20    Spells: 4 memorised, 36 levels left

rFire  + . .     SeeInvis .     T - staff of power
rCold  . . .     Gourm    .     L - +2 ring mail {rF+}
rNeg   . . .     Faith    .     M - +1 buckler {reflect}
rPois  +         Spirit   .     (no helmet)
rElec  .         Reflect  +     K - +0 cloak {rPois}
rCorr  .         Harm     .     u - +0 pair of gloves
MR     +....                    p - +0 pair of boots
Stlth  ++........               z - amulet of magic regeneration
                                V - +5 ring of evasion
                                y - +5 ring of dexterity

@: very slightly contaminated
A: no striking features
a: Renounce Religion


You were on level 6 of the Lair of Beasts.
You worshipped Vehumet.
Vehumet was extremely pleased with you.
You were hungry.

You visited 3 branches of the dungeon, and saw 18 of its levels.
You also visited: Bailey.

You collected 1349 gold pieces.
You spent 82 gold pieces at shops.

Inventory:

Armour
 p - a +0 pair of boots (worn)
 u - a +0 pair of gloves (worn)
 K - a +0 cloak of poison resistance (worn)
 L - a +2 ring mail of fire resistance (worn)
 M - a +1 buckler of reflection (worn)
Magical Staves
 P - an uncursed staff of poison
 T - an uncursed staff of power (weapon)
Jewellery
 h - an uncursed ring of stealth
 y - a +5 ring of dexterity (left hand)
 z - an amulet of magic regeneration (around neck)
 S - an uncursed ring of fire
 V - a +5 ring of evasion (right hand)
Wands
 r - a wand of flame (26/48)
 R - a wand of disintegration (6/24)
 W - a wand of teleportation (1/9)
 Y - a wand of digging (5/24)
Scrolls
 a - a scroll of vulnerability
 d - 3 scrolls of noise {unknown}
 f - 3 scrolls of enchant weapon {unknown}
 k - 6 scrolls of remove curse
 l - a scroll of holy word {unknown}
 m - a scroll of silence {unknown}
 n - 4 scrolls of teleportation {unknown}
 q - 3 scrolls of enchant armour {unknown}
 s - 4 scrolls of amnesia
 w - 3 scrolls of blinking
 A - 3 scrolls of fog {unknown}
 D - 3 scrolls of random uselessness {unknown}
 F - 3 scrolls of immolation {unknown}
 I - 2 scrolls of brand weapon {unknown}
 U - 3 scrolls of magic mapping {unknown}
Potions
 e - 4 potions of brilliance
 g - 9 potions of haste
 i - 9 potions of flight
 j - 5 potions of curing
 o - 3 potions of resistance
 t - 4 potions of agility
 v - 4 potions of lignification
 C - a potion of berserk rage
 N - 4 potions of magic
 O - 2 potions of mutation
 Z - 2 potions of might
Comestibles
 b - 2 meat rations
 c - 11 bread rations
 X - a slice of pizza


   Skills:
 * Level 8.4 Armour
 - Level 2.4 Dodging
 - Level 2.4 Stealth
 + Level 17.6 Spellcasting
 + Level 15.2 Conjurations
 - Level 9.0 Charms
 - Level 5.5 Translocations


You had 36 spell levels left.
You knew the following spells:

 Your Spells              Type           Power        Failure   Level  Hunger
a - Magic Dart            Conj           ####         1%          1    None
b - Iskenderun's Battles  Conj/Chrm      ######..     1%          5    None
c - Iskenderun's Mystic   Conj           #######.     1%          4    None
z - Apportation           Tloc           ######....   1%          1    None


Dungeon Overview and Level Annotations

Branches:
Dungeon (11/15)            Temple (1/1) D:6            Lair (6/6) D:10
 Shoals (0/4) Lair:2        Snake (0/4) Lair:3        Slime (0/5) Lair:5
    Orc (0/2) D:11

Altars:
Ashenzari
Cheibriados
Dithmenos
Elyvilon
Fedhas
Gozag
Hepliaklqana
Kikubaaqudgha
Makhleb
Nemelex Xobeh
Okawaru
Qazlal
Ru
Sif Muna
Trog
Uskayaw
Vehumet
Xom
Yredelemnul
Zin
The Shining One
Jiyva

Shops:
D:10 *


Message History

Confirm with . or Enter, or press ? or * to list all spells.
Aiming: Iskenderun's Mystic Blast
Press: ? - help, Shift-Dir - straight line, f/p - wind drake
Aim: a wind drake (severely wounded, deflecting missiles)
The wind drake deflects the orb of energy!
The orb of energy explodes!
The mystic blast hits the rime drake.
The rime drake is severely wounded.
You hear a shout!
The rime drake bites you.
* * * LOW HITPOINT WARNING * * *
The wind drake bites you but does no damage.
Wield which item (- for none, * to show all)? (? for menu, Esc to quit)
Okay, then.
Blink to where?
Press: ? - help, Dir - move target cursor, p - wind drake You are very lightly contaminated with residual magic.
As you read the scroll of blinking, it crumbles to dust.
The rime drake breathes ice at you. The flash freeze hits you!
You die...

..###..##.....#.P...##
######.#####....P....#
..##.#.## ##...##...#
........# ##...P..##
##≈≈##..P# #.#..P##
≈#≈≈##≈### ##..P..#
≈≈P≈≈≈P# ##....#
##≈≈≈≈.≈ ###....##
#≈P#≈≈. ##..@....#
#≈≈##.P#####PP......###
#≈≈≈≈...##.#P.........#
#≈≈≈≈...##...........P#
#≈ #≈..#...#........##
#≈P##≈..†...#.......##
#≈≈≈≈.....P.#........#
#≈≈≈≈≈..k...........##
≈≈##≈k†##.....#.#...#


You could see a rime drake.

Vanquished Creatures
  5 hydras
  A merfolk avatar (Lair:6)
  A sea snake (Lair:6)
  The ghost of Gravenous the Poker, a novice HuNe (D:6)
  2 unseen horrors (D:10)
  An orc knight (Bailey)
  2 hill giants (D:10)
  A harpy (Lair:6)
  An oklob plant (Lair:2)
  A manticore (D:11)
  3 cyclopes
  15 elephants
  A black mamba (Lair:3)
  3 sirens (Lair:2)
  A gargoyle (D:10)
  2 spiny frogs
  Psyche (D:8)
  2 rime drakes
  7 komodo dragons
  A polar bear (Lair:6)
  3 hornets
  A troll (D:10)
  A merfolk (Lair:2)
  Grinder (D:4)
  5 blink frogs (Lair:1)
  9 dream sheep
  7 hippogriffs
  Sigmund (D:4)
  The ghost of Flash162 the Conjurer, an amateur DECj of Vehumet (D:5)
  A wraith (D:9)
  5 wyverns
  12 yaks
  A basilisk (Lair:5)
  A hungry ghost (D:10)
  A steam dragon (D:10)
  2 soldier ants (D:8)
  6 water moccasins
  2 nagas (Lair:3)
  6 porcupines
  7 orc warriors
  4 sky beasts
  2 phantoms
  3 black bears
  3 ice beasts
  8 ogres
  6 centaurs
  A necrophage (D:5)
  9 crocodiles
  3 big kobolds
  13 bullfrogs
  4 scorpions
  4 killer bees (D:9)
  8 wights
  6 howler monkeys
  9 crimson imps
  A bullfrog zombie (D:7)
  6 lava snakes (D:10)
  3 centaur zombies
  8 hounds
  2 centaur skeletons
  9 orc priests
  2 jellies (D:11)
  Crazy Yiuf (D:5)
  Jessica (D:2)
  9 iguanas
  11 orc wizards
  6 worker ants
  A hound skeleton (D:10)
  A hound zombie (D:9)
  A howler monkey zombie (D:5)
  4 worker ant zombies
  2 howler monkey skeletons
  7 adders
  6 gnolls
  4 shadow imps
  2 oozes
  3 adder skeletons
  An adder zombie (D:5)
  4 worms
  2 dart slugs
  4 leopard geckos
  49 orcs
  4 ball pythons
  12 bats
  5 giant cockroaches
  14 goblins
  10 hobgoblins
  11 jackals
  6 quokkas
  6 frilled lizards
  A jackal zombie (D:6)
  27 kobolds
  2 quokka zombies
  11 rats
467 creatures vanquished.

Vanquished Creatures (others)
  10 fungi
  5 plants
15 creatures vanquished.

Grand Total: 482 creatures vanquished

Notes
Turn   | Place    | Note
-------+----------+-------------------------------------------
     0 | D:1      | lorenzova the Deep Elf Conjurer began the quest for the Orb.
     0 | D:1      | Reached XP level 1. HP: 10/10 MP: 6/6
     6 | D:1      | Noticed a lindwurm
     6 | D:1      | Noticed a black mamba
     6 | D:1      | Noticed a hound
     7 | D:1      | Noticed an iguana
   275 | D:1      | Reached XP level 2. HP: 15/15 MP: 5/8
   524 | D:1      | Reached skill level 4 in Spellcasting
   995 | D:2      | Reached XP level 3. HP: 19/19 MP: 8/10
  1273 | D:2      | Noticed Jessica
  1280 | D:2      | Killed Jessica
  1280 | D:2      | Reached skill level 5 in Conjurations
  1412 | D:2      | Reached XP level 4. HP: 24/24 MP: 7/12
  1453 | D:2      | Learned a level 4 spell: Iskenderun's Mystic Blast
  1471 | D:2      | Reached skill level 5 in Spellcasting
  2220 | D:3      | Found a sacrificial altar of Ru.
  2691 | D:3      | Found a hazy altar of Hepliaklqana.
  2783 | D:3      | Reached XP level 5. HP: 28/28 MP: 11/15
  3441 | D:4      | Noticed an ogre
  3446 | D:4      | Killed an ogre
  3446 | D:4      | Reached skill level 6 in Spellcasting
  3559 | D:4      | Reached XP level 6. HP: 12/32 MP: 2/17
  3998 | D:4      | Reached skill level 7 in Spellcasting
  4063 | D:4      | Noticed Sigmund
  4067 | D:4      | Killed Sigmund
  4067 | D:4      | Reached XP level 7. HP: 36/36 MP: 11/20
  4068 | D:4      | Noticed Grinder
  4077 | D:4      | Paralysed by Grinder for 3 turns
  4186 | D:4      | Killed Grinder
  4186 | D:4      | Reached skill level 8 in Spellcasting
  4269 | D:4      | Learned a level 5 spell: Iskenderun's Battlesphere
  4596 | D:5      | Entered Level 5 of the Dungeon
  4649 | D:5      | Reached skill level 1 in Charms
  5013 | D:5      | Noticed Flash162's ghost (amateur DECj)
  5028 | D:6      | Noticed Gravenous's ghost (novice HuNe)
  5358 | D:5      | Reached skill level 9 in Spellcasting
  5480 | D:6      | Reached XP level 8. HP: 35/41 MP: 12/23
  5922 | D:6      | Found a sacrificial altar of Ru.
  6249 | D:6      | Found a staircase to the Ecumenical Temple.
  6283 | Temple   | Entered the Ecumenical Temple
  6394 | Temple   | Became a worshipper of Vehumet
  6418 | D:6      | Reached skill level 10 in Spellcasting
  7848 | D:5      | Killed Flash162's ghost
  7848 | D:5      | Reached skill level 11 in Spellcasting
  7848 | D:5      | Reached XP level 9. HP: 29/45 MP: 12/26
  8074 | D:5      | Found a runed door.
  8079 | D:5      | Noticed Crazy Yiuf
  8082 | D:5      | Killed Crazy Yiuf
  8129 | D:6      | Reached skill level 5 in Charms
  8159 | D:6      | Killed Gravenous's ghost
  8159 | D:6      | Reached skill level 10 in Conjurations
  8330 | D:7      | Reached skill level 12 in Spellcasting
  8515 | D:7      | Reached * piety under Vehumet
  8515 | D:7      | Offered knowledge of Shock by Vehumet.
  8559 | D:7      | Found a flagged portal.
  8566 | Bailey   | Entered a bailey
  8683 | Bailey   | Noticed an orc knight
  8689 | Bailey   | Killed an orc knight
  8862 | Bailey   | Found a burning altar of Makhleb.
  9089 | D:7      | Reached XP level 10. HP: 50/50 MP: 25/28
  9218 | D:7      | Learned a level 1 spell: Apportation
  9226 | D:7      | Found a white marble altar of Elyvilon.
  9610 | D:8      | Reached ** piety under Vehumet
  9610 | D:8      | Offered knowledge of Throw Flame by Vehumet.
  9730 | D:8      | Noticed a cyclops
  9749 | D:8      | Killed a cyclops
  9749 | D:8      | Reached skill level 13 in Spellcasting
  9819 | D:8      | Noticed Psyche
  9822 | D:8      | Killed Psyche
 10561 | D:9      | Offered knowledge of Static Discharge by Vehumet.
 10654 | D:9      | Noticed a cyclops
 10660 | D:9      | Killed a cyclops
 10897 | D:9      | Reached skill level 14 in Spellcasting
 11013 | D:9      | Reached *** piety under Vehumet
 11260 | D:10     | Entered Level 10 of the Dungeon
 11319 | D:10     | Found Elamaet's Antique Weapon Emporium.
 11443 | D:10     | Reached XP level 11. HP: 54/54 MP: 31/31
 11465 | D:10     | Reached skill level 1 in Translocations
 11517 | D:10     | Found Zej Galau's General Store.
 11524 | D:10     | Bought a scroll of blinking for 82 gold pieces
 11536 | D:10     | Reached skill level 1 in Armour
 11538 | D:10     | Offered knowledge of Throw Icicle by Vehumet.
 11757 | D:10     | Killed an unseen horror
 11894 | D:10     | Found a runed door.
 12108 | D:10     | Found a runed door.
 12200 | D:10     | Found a staircase to the Lair.
 12489 | D:10     | Killed an unseen horror
 12489 | D:10     | Reached **** piety under Vehumet
 12549 | D:10     | Noticed a hill giant
 12553 | D:10     | Killed a hill giant
 12602 | D:10     | Offered knowledge of Bolt of Magma by Vehumet.
 12641 | D:10     | Reached skill level 15 in Spellcasting
 12932 | D:10     | Noticed a hill giant
 12934 | D:10     | Killed a hill giant
 13142 | D:11     | Found a staircase to the Orcish Mines.
 13634 | D:11     | Reached ***** piety under Vehumet
 13687 | D:11     | Offered knowledge of Poison Arrow by Vehumet.
 13724 | D:11     | Reached XP level 12. HP: 38/59 MP: 33/33
 13867 | D:11     | Reached skill level 5 in Translocations
 13999 | Lair:1   | Entered Level 1 of the Lair of Beasts
 14193 | Lair:1   | Noticed a five-headed hydra
 14197 | Lair:1   | Killed a five-headed hydra
 14345 | Lair:1   | Reached skill level 16 in Spellcasting
 14360 | Lair:1   | Noticed a seven-headed hydra
 14363 | Lair:1   | Killed a seven-headed hydra
 14462 | Lair:1   | Noticed an eight-headed hydra
 14465 | Lair:1   | Killed an eight-headed hydra
 15115 | Lair:2   | Found a staircase to the Shoals.
 15552 | Lair:2   | Reached skill level 5 in Armour
 16204 | Lair:3   | Got an ichor-stained ring mail
 16228 | Lair:3   | Identified the cursed +0 ring mail of Curiosity {rF+ Str+6 Dex-2 Slay+5} (You found it on level 3 of the Lair of Beasts)
 16351 | Lair:3   | Found a staircase to the Snake Pit.
 17031 | Lair:3   | Reached XP level 13. HP: 63/63 MP: 30/35
 17314 | Lair:4   | Reached skill level 17 in Spellcasting
 19031 | Lair:5   | Found a viscous altar of Jiyva.
 19032 | Lair:5   | Found a staircase to the Slime Pits.
 19251 | Lair:5   | Reached skill level 15 in Conjurations
 19325 | Lair:6   | Entered Level 6 of the Lair of Beasts
 19749 | Lair:6   | Killed from afar by a rime drake

Skill      XL: |  1  2  3  4  5  6  7  8  9 10 11 12 13 |
---------------+----------------------------------------+-----
Spellcasting   | 4 5 6 7 9 11 12 14 15 16 17 | 17.6
Conjurations   | 5 6 7 8 9 11 12 13 14 15 | 15.2
Charms         | 1 4 7 9 |  9.0
Translocations | 4 5 |  5.5
Armour         | 3 6 8 |  8.4
Dodging        | |  2.4
Stealth        | |  2.4

Action                   |  1- 3 |  4- 6 |  7- 9 | 10-12 | 13-15 || total
-------------------------+-------+-------+-------+-------+-------++-------
Melee: Short sword       |     2 |       |       |       |       ||     2
       Dagger            |       |     1 |       |       |       ||     1
       Staff             |       |       |       |       |     1 ||     1
 Cast: Magic Dart        |    67 |   152 |   247 |   311 |    53 ||   830
       Iskenderun's Myst |       |     3 |    44 |   132 |    70 ||   249
       Iskenderun's Batt |       |       |    18 |    86 |    24 ||   128
  Use: Scroll            |       |       |     5 |     8 |     5 ||    18
  Eat: Chunk             |     1 |     8 |    11 |    17 |     4 ||    41
       Beef jerky        |       |       |     2 |     1 |       ||     3
       Meat ration       |       |       |     1 |       |       ||     1
       Bread ration      |       |       |       |     2 |     1 ||     3
Armor: Robe              |     1 |     5 |    14 |     8 |       ||    28
       Ring mail         |       |       |       |     7 |    10 ||    17
Dodge: Dodged            |     7 |    19 |    45 |    30 |    11 ||   112
Block: Buckler           |       |       |       |    11 |     3 ||    14
       Reflection        |       |       |       |     1 |       ||     1
